 Dungeon Crawl Stone Soup version 0.26-a0-613-g4f23886233 (webtiles) character file.

Game seed: 16167297235132161823

114 KristoblXynda the Conjurer (level 4, -1/39 HPs)
             Began as a Troll Hedge Wizard on Sept 11, 2020.
             Slain by Crazy Yiuf
             ... wielding a +4 quarterstaff of chaos
              (7 damage)
             ... on level 3 of the Dungeon.
             The game lasted 00:03:15 (2348 turns).

KristoblXynda the Conjurer (Troll Hedge Wizard)     Turns: 2348, Time: 00:03:16

Health: -1/39      AC:  6    Str: 18    XL:     4   Next: 66%
Magic:  6/6        EV:  9    Int: 10    God:
Gold:   173        SH:  0    Dex: 10    Spells: 6/7 levels left

rFire    . . .     SeeInvis .   (no weapon)
rCold    . . .     Faith    .   (no shield)
rNeg     . . .     Spirit   .   b - +0 robe
rPois    .         Reflect  .   c - +0 hat
rElec    .         Harm     .   (no cloak)
rCorr    .                      (gloves unavailable)
MR       .....                  (boots unavailable)
Stlth    +.........             (no amulet)
HPRegen  0.53/turn              (no ring)
MPRegen  0.10/turn              (no ring)

@: confused, slowed, lightly drained, very slow
A: large, unfitting armour, claws 3, regeneration 1, shaggy fur 1, tough skin 3
a: no special abilities


You were on level 3 of the Dungeon.
You visited 1 branch of the dungeon, and saw 3 of its levels.

You collected 173 gold pieces.

Inventory:

Armour
 b - a +0 robe (worn)
 c - a +0 hat (worn)
 t - a +0 kite shield
Jewellery
 j - a +6 ring of intelligence {unknown}
Scrolls
 h - 7 scrolls of remove curse {unknown}
 k - a scroll of teleportation {unknown}
 l - 2 scrolls of random uselessness {unknown}
 m - a scroll of enchant weapon {unknown}
 n - a scroll of enchant armour {unknown}
 o - a scroll of fog {unknown}
 p - a scroll of amnesia {unknown}
 q - a scroll of blinking {unknown}
 r - a scroll of identify {unknown}
Potions
 a - a potion of heal wounds {unknown}
 d - 3 potions of brilliance {unknown}
 e - a potion of stabbing {unknown}
 f - a potion of berserk rage {unknown}
 g - a potion of cancellation {unknown}
 i - 2 potions of curing
 s - a potion of ambrosia {unknown}


   Skills:
   Level 0.0 Short Blades
 + Level 2.2(1.9) Armour
 - Level 1.5(1.2) Dodging
 - Level 1.0(0.7) Stealth
 + Level 1.0(0.7) Unarmed Combat
 - Level 2.0(1.6) Spellcasting
 + Level 2.3(2.0) Conjurations
   Level 0.6(0.3) Summonings
   Level 0.6(0.3) Translocations


You had 6 spell levels left.
You knew the following spells:

 Your Spells              Type           Power        Failure   Level
a - Magic Dart            Conj           #...         14%         1

Your spell library contained the following spells:

 Spells                   Type           Power        Failure   Level
 Blink                    Tloc           N/A          41%         2
 Call Imp                 Summ           #.......     41%         2
 Slow                     Hex            #.......     43%         2
 Conjure Flame            Conj/Fire      #.......     54%         3
 Mephitic Cloud           Conj/Pois/Air  #.......     58%         3


Dungeon Overview and Level Annotations

Branches:
Dungeon (3/15)

Altars:
Ru

Annotations:
D:3 Crazy Yiuf


Innate Abilities, Weirdness & Mutations

You are too large for most types of armour.
You have claws for hands.
Your natural rate of healing is unusually fast.
You are covered in fur. (AC +1)
You have extremely tough skin. (AC +3)


Message History

You scratch Crazy Yiuf.
Crazy Yiuf is moderately wounded.
Crazy Yiuf drinks a potion.
Crazy Yiuf seems to grow stronger.
Crazy Yiuf hits you with a +4 quarterstaff of chaos!
Crazy Yiuf freezes you.
You scratch Crazy Yiuf.
Crazy Yiuf is severely wounded.
Crazy Yiuf closely misses you.
You closely miss Crazy Yiuf.
Crazy Yiuf is severely wounded.
Crazy Yiuf closely misses you.
Unknown command.
You scratch Crazy Yiuf.
Crazy Yiuf is severely wounded.
Crazy Yiuf hits you with a +4 quarterstaff of chaos!
* * * LOW HITPOINT WARNING * * *
You are confused.
Crazy Yiuf yells, "Papa pizzabubble disdain!"
Crazy Yiuf hits you with a +4 quarterstaff of chaos!
You die...

#+..+#
#.'....'....
♣....♣
###....#####
♣...♣♣
#...........
♣♣.♣♣
##....######
♣.♣♣ #..##.#
# ♣♣.♣
#####.# #
♣.♣♣ #.....#
# ♣♣.♣
####### #
#@# # #.g.#
# #...# #
#..)#
#######
#####
#......
#.##### #.#
#. #.# #.
#.# #.


You could see Crazy Yiuf (strong).

Vanquished Creatures
  4 adders (D:2)
  2 oozes
  A worm (D:2)
  2 leopard geckos
  5 ball pythons
  6 bats
  3 giant cockroaches
  10 goblins
  5 hobgoblins
  3 jackals (D:1)
  8 frilled lizards
  10 kobolds
  6 rats
65 creatures vanquished.

Notes
Turn   | Place    | Note
-------+----------+-------------------------------------------
     0 | D:1      | KristoblXynda the Troll Hedge Wizard began the quest for
                  | the Orb.
     0 | D:1      | Reached XP level 1. HP: 16/16 MP: 2/2
    37 | D:1      | Reached skill level 1 in Conjurations
    77 | D:1      | Reached XP level 2. HP: 24/24 MP: 4/4
   112 | D:1      | Reached skill level 1 in Armour
   381 | D:1      | Reached XP level 3. HP: 25/31 MP: 5/5
  1037 | D:2      | Reached XP level 4. HP: 37/39 MP: 6/6
  1633 | D:3      | Found a sacrificial altar of Ru.
  1925 | D:3      | Reached skill level 1 in Unarmed Combat
  2172 | D:3      | Found a runed translucent door.
  2173 | D:3      | Noticed Crazy Yiuf
  2348 | D:3      | Slain by Crazy Yiuf

Illustrated notes

Levels and vault maps discovered:
D:1:      tarquinn_simple_flora_water_a, layout_basic, minmay_shallow_snake_nest
D:2:      layout_rooms, minmay_randomly_rotated_circles
D:3:      layout_basic, nicolae_ru_awakened_eye, uniq_crazy_yiuf_cottage

Skill      XL: |  1  2  3  4 |
---------------+-------------+-----
Conjurations   | 1 2 |  2.3
Armour         | 1 2 |  2.2
Unarmed Combat | 1 |  1.0
Dodging        | |  1.5
Stealth        | |  1.0
Spellcasting   | |  2.0
Summonings     | |  0.6
Translocations | |  0.6

Action                   |  1- 3 |  4- 6 || total
-------------------------+-------+-------++-------
Melee: Unarmed           |   132 |   121 ||   253
  Use: Potion            |       |     1 ||     1
 Stab: Sleeping          |     2 |       ||     2
Armor: Robe              |    71 |    49 ||   120
Dodge: Dodged            |    84 |    55 ||   139

Table legend: (Time is in decaauts)
 A = Elapsed time spent in this place.
 B = Non-inter-level travel time spent in this place.
 C = Inter-level travel time spent in this place.
 D = Time resting spent in this place.
 E = Time spent auto-exploring this place.
 F = Levels seen in this place.
 G = Mean time per level.
                   A        B        C        D        E       F      G
               +--------+--------+--------+--------+--------+-----+--------+
         Total |   2349 |   2269 |     80 |    217 |   1500 |   3 |  783.0 |
       Dungeon |   2349 |   2269 |     80 |    217 |   1500 |   3 |  783.0 |
               +--------+--------+--------+--------+--------+-----+--------+

Top non-repeatable levels by time:
     D:2: 831 daAuts
     D:3: 765 daAuts
     D:1: 752 daAuts
